 Dungeon Crawl Stone Soup version 0.27-a0-972-gd1521fd518 (webtiles) character file.

Game seed: 9504289579635986813

60 kae the Ruffian (level 3, -1/28 HPs)
             Began as a Draconian Transmuter on Apr 13, 2021.
             Slain by a bullfrog (6 damage)
             ... on level 2 of the Dungeon.
             The game lasted 00:00:54 (1854 turns).

kae the Ruffian (Draconian Transmuter)              Turns: 1854, Time: 00:00:55

Health: -1/28      AC:  6    Str: 12    XL:     3   Next: 80%
Magic:  5/6        EV: 12    Int: 14    God:
Gold:   76         SH:  0    Dex: 11    Spells: 2/6 levels left

rFire    . . .     SeeInvis .     - Unarmed
rCold    . . .     Faith    .   (no shield)
rNeg     . . .     Spirit   .   (armour unavailable)
rPois    .         Reflect  .   (helmet currently unavailable)
rElec    .         Harm     .   d - +0 cloak
rCorr    .         Rampage  .   (no gloves)
Will     .....                  (boots currently unavailable)
Stlth    +.........             (no amulet)
HPRegen  0.09/turn              (no ring)
MPRegen  0.10/turn              (no ring)

@: appendages
A: horns 2, talons 2, AC +5, unfitting armour, cold-blooded
a: End Transformation


You were on level 2 of the Dungeon.
You had temporarily grown beastly horns and talons.
You visited 1 branch of the dungeon, and saw 2 of its levels.

You collected 76 gold pieces.

Inventory:

Armour
 d - a +0 cloak (worn)
Scrolls
 a - a scroll of enchant weapon {unknown}
 e - a scroll of teleportation {unknown}
 f - a scroll of identify {unknown}
Potions
 b - 2 potions of might {unknown}
 c - 3 potions of curing {unknown}


   Skills:
 + Level 1.6 Fighting
 + Level 2.0 Dodging
 + Level 0.9 Stealth
 * Level 3.5 Unarmed Combat
 + Level 2.1 Spellcasting
 * Level 2.6 Transmutations
 * Level 0.7 Poison Magic


You had 2 spell levels left.
You knew the following spells:

 Your Spells              Type           Power      Damage    Failure   Level
a - Beastly Appendage     Tmut           16%        N/A       8%          1
b - Spider Form           Tmut/Pois      3%         N/A       34%         3

Your spell library contained the following spells:

 Spells                   Type           Power      Damage    Failure   Level
 Wereblood                Tmut           8%         N/A       12%         2
 Ice Form                 Ice/Tmut       5%         N/A       80%         4
 Hydra Form               Tmut           4%         N/A       91%         5


Dungeon Overview and Level Annotations

Branches:
Dungeon (2/15)

Altars:

Shops:
D:1 (


Innate Abilities, Weirdness & Mutations

You have temporarily grown beastly horns and talons.
Your plain brown scales are hard. (AC +5)
You cannot fit into any form of body armour.
You are cold-blooded and may be slowed by cold attacks.


Message History

You grow a pair of large bovine horns.
Your feet morph into talons.
The rat misses you.
You hit the rat.
You kill the rat!
No target in view!
Your transformation is almost over.
Your horns disappear.
Your talons disappear.
A bullfrog comes into view.
The bullfrog hits you.
You hit the bullfrog.
The bullfrog is lightly wounded.
The bullfrog barely misses you. The bullfrog hits you.
A bullfrog is nearby!
You are too injured to fight recklessly!
You are too injured to fight recklessly!
A bullfrog is nearby!
A bullfrog is nearby!
Casting: Beastly Appendage (safe; 8% risk of failure)
Confirm with . or Enter, or press ? or * to list all spells.
You grow a pair of large bovine horns.
Your feet morph into talons.
The bullfrog hits you. The bullfrog hits you. The bullfrog closely misses you.
You are too injured to fight recklessly!
You are too injured to fight recklessly!
A bullfrog is nearby!
You are too injured to fight recklessly!
You are too injured to fight recklessly!
You hit the bullfrog. Your kick misses the bullfrog.
Your headbutt misses the bullfrog.
The bullfrog is heavily wounded.
The bullfrog hits you.
* * * LOW HITPOINT WARNING * * *
You hit the bullfrog. You punch the bullfrog.
The bullfrog is severely wounded.
The bullfrog closely misses you.
You hit the bullfrog. Your kick misses the bullfrog.
The bullfrog is severely wounded.
The bullfrog hits you but does no damage.
The bullfrog hits you.
You die...

... #.## .
#†)# . ..
##.### ...
#..## ....
##.## .....
#o.#
......#####
##.#
......F@..#
#.#
.....####.#
##.# ...
+....# #...
. ###..#
#... #..#
#...
#######..#
#...
.........#
#...
#######.##
#... #.#
#...


You could see a bullfrog.

Vanquished Creatures
  An adder (D:2)
  A dart slug (D:1)
  5 orcs (D:2)
  2 bats
  4 endoplasms
  A giant cockroach (D:1)
  3 goblins
  2 hobgoblins
  2 jackals (D:2)
  6 kobolds
  3 quokkas
  6 ball pythons
  4 rats
40 creatures vanquished.

Notes
Turn   | Place    | Note
-------+----------+-------------------------------------------
     0 | D:1      | kae the Draconian Transmuter began the quest for the Orb.
     0 | D:1      | Reached XP level 1. HP: 16/16 MP: 3/3
    12 | D:1      | Found Danej's Weapon Emporium.
   250 | D:1      | Reached XP level 2. HP: 13/23 MP: 3/5
   411 | D:1      | Found a faded altar of an unknown god.
  1132 | D:2      | Reached XP level 3. HP: 28/28 MP: 6/6
  1136 | D:2      | Learned a level 3 spell: Spider Form
  1847 | D:2      | Noticed a bullfrog
  1854 | D:2      | Slain by a bullfrog

Illustrated notes

Levels and vault maps discovered:
D:1:      wander_arrival_desolate, layout_rooms, serial_shops, shop,
          basic_ecumenical_altar
D:2:      minmay_alternating_diamond, layout_basic, basic_altar,
          uniq_crazy_yiuf_cottage

Skill      XL: |  1  2 |
---------------+-------+-----
Dodging        | 2 |  2.0
Fighting       | |  1.6
Stealth        | |  0.9
Unarmed Combat | |  3.5
Spellcasting   | |  2.1
Transmutations | |  2.6
Poison Magic   | |  0.7

Action                   || total
-------------------------++-------
Melee: Unarmed           ||   122
       Kick              ||    14
       Headbutt          ||    10
       Tailslap          ||     8
       Punch             ||     1
 Cast: Beastly Appendage ||    22
       Spider Form       ||     2
  Use: Scroll            ||     1
 Stab: Sleeping          ||     1
Armor: Skin              ||    45
Dodge: Dodged            ||    94

Table legend: (Time is in decaauts)
 A = Elapsed time spent in this place.
 B = Non-inter-level travel time spent in this place.
 C = Inter-level travel time spent in this place.
 D = Time resting spent in this place.
 E = Time spent auto-exploring this place.
 F = Levels seen in this place.
 G = Mean time per level.
                   A        B        C        D        E       F      G
               +--------+--------+--------+--------+--------+-----+--------+
         Total |   1850 |   1821 |     29 |      0 |   1511 |   2 |  925.0 |
       Dungeon |   1850 |   1821 |     29 |      0 |   1511 |   2 |  925.0 |
               +--------+--------+--------+--------+--------+-----+--------+

Top non-repeatable levels by time:
     D:1: 1022 daAuts
     D:2: 828 daAuts
